 Dungeon Crawl Stone Soup version 0.30-a0-1066-g63dfefce0d (webtiles) character file.

Game seed: 1170887670254472628

230 Maxmaps the Trooper (level 5, -3/42 HPs)
             Began as a Demonspawn Monk on Apr 13, 2023.
             Slain by a gnoll
             ... wielding a +1 whip of electrocution
              (20 damage)
             ... on level 4 of the Dungeon.
             The game lasted 00:02:54 (2505 turns).

Maxmaps the Trooper (Demonspawn Monk)               Turns: 2505, Time: 00:02:55

Health: -3/42      AC: 10    Str: 11    XL:     5   Next: 72%
Magic:  5/5        EV:  6    Int: 14    God:
Gold:   164        SH:  0    Dex: 15    Spells: 4/4 levels left

rFire   . . .      SeeInvis .    m - +5 dagger (freeze)
rCold   . . .      Faith    .    c - orb {light}
rNeg    . . .      Spirit   .    p - +0 chain mail
rPois   +          Reflect  .    (helmet restricted)
rElec   .          Rampage  .    (no cloak)
rCorr   .                        (no gloves)
Will    .....                    (no boots) Stlth
                                 (no amulet)
HPRegen 0.27/turn                g - ring of poison resistance
MPRegen 0.09/turn                f - ring of wizardry

@: glowing
A: horns 2, sharp scales 1
a: no special abilities


You were on level 4 of the Dungeon.
You visited 1 branch of the dungeon, and saw 4 of its levels.

You collected 164 gold pieces.

Inventory:

Hand Weapons
 m - a +5 dagger of freezing (weapon)
Armour
 c - an orb of light (worn)
 p - a +0 chain mail (worn)
Jewellery
 f - a ring of wizardry (right hand)
 g - a ring of poison resistance (left hand)
 s - a +6 ring of strength
Wands
 r - a wand of acid (8)
Scrolls
 d - 3 scrolls of identify {unknown}
 e - 2 scrolls of immolation {unknown}
 i - a scroll of teleportation {unknown}
 l - a scroll of brand weapon {unknown}
 n - a scroll of silence {unknown}
Potions
 a - a potion of curing {unknown}
 b - a potion of ambrosia
 h - a potion of flight {unknown}
 j - 2 potions of might {unknown}
 k - a potion of mutation {unknown}
 o - a potion of degeneration {unknown}
 q - a potion of magic {unknown}


   Skills:
 - Level 4.0 Fighting
 + Level 2.4 Short Blades
 - Level 3.1 Armour
 - Level 2.6 Dodging
 - Level 1.7 Stealth
 - Level 3.1 Unarmed Combat


You had 4 spell levels left.
You didn't know any spells.
Your spell library contained the following spells:

 Spells                   Type           Power      Damage    Failure   Level
 Sandblast                Erth           0%         2d4       96%         1
 Passwall                 Tmut/Erth      0%         N/A       99%         2
 Ozocubu's Armour         Ice            0%         N/A       100%        3
 Stone Arrow              Conj/Erth      0%         3d7       100%        3
 Ozocubu's Refrigeration  Ice            0%         4d7       100%        7


Dungeon Overview and Level Annotations

Branches:
Dungeon (4/15)             Temple (0/1) D:4

Altars:
Cheibriados
Qazlal

Shops:
D:3 [


Innate Abilities, Weirdness & Mutations

You have a pair of horns on your head.
You are partially covered in razor-sharp scales. (AC +1, Slay +1)


Message History

No target in view!
No target in view!
You pick up Ozocubu's Autobiography and begin reading...
You add the spells Ozocubu's Armour and Ozocubu's Refrigeration to your library.
You see here a +0 club.
Key pressed, stopping explore.
No target in view!
A gnoll comes into view. It is wielding a +0 spear.
The gnoll shouts!
Found a stone staircase leading up.
A gnoll is nearby! 2 gnolls come into view.
A gnoll is wielding a +1 whip of electrocution.
The gnoll shouts!
You hear a shout! x2
A gnoll comes into view. It is wielding a +0 flail.
Found a scroll labelled HILOXTEXZUC.
Found a staircase to the Ecumenical Temple.
The gnoll shouts!
An iguana comes into view.
The gnoll hits you with a +0 spear.
An orc warrior comes into view.
It is wielding a +0 mace and wearing a +1 plate armour of fire resistance.
The iguana hisses angrily.
The gnoll hits you from afar with a +0 spear.
The gnoll attacks as you move away! The gnoll hits you with a +0 flail.
The gnoll attacks as you move away! The gnoll hits you with a +0 flail.
You barely miss the gnoll. The gnoll hits you with a +0 flail.
You puncture the gnoll! You freeze the gnoll.
You kill the gnoll!
The gnoll hits you from afar with a +0 spear.
The gnoll hits you with a +1 whip of electrocution!
The gnoll barely misses you.
Things that are here:
a +0 flail; a gnoll corpse You hit the gnoll.
You freeze the gnoll. You headbutt the gnoll!
The gnoll is almost dead.
You barely miss the gnoll. Your headbutt misses the gnoll.
The gnoll is almost dead.
The gnoll hits you with a +1 whip of electrocution.
You are electrocuted!!
You die...

# .........###..#..#
.....###..# #..#..#
.#### ##.. #.....###
#...#.. #.......## .
...... #........######
..#.... ##........)#..#
.#..... #.....)..)...#
>...... #.........#..#
#....?#####@......#####
..#....#.###gg....##
.o.......g..l....##
......###........###
..<.# #.####.....# ...
#.. ###.### . ...# ###
..... ......#


You could see an iguana and 2 gnolls.

Vanquished Creatures
  A phantom (D:4)
  An orc priest (D:3)
  Robin (D:3)
  A gnoll (D:4)
  3 adders
  An ufetubus (D:3)
  2 worms
  3 orcs (D:3)
  2 bats (D:1)
  5 endoplasms
  4 giant cockroaches
  7 hobgoblins
  6 jackals
  2 quokkas (D:1)
  5 ball pythons
  3 frilled lizards
  11 goblins
  6 kobolds
  2 rats
66 creatures vanquished.

Notes
Turn   | Place    | Note
-------+----------+-------------------------------------------
     0 | D:1      | Maxmaps the Demonspawn Monk began the quest for the Orb.
     0 | D:1      | Reached XP level 1. HP: 18/18 MP: 1/1
   757 | D:2      | Gained mutation: You have a pair of small horns on your
                  | head. [demonic ancestry]
   757 | D:2      | Reached XP level 2. HP: 24/24 MP: 2/2
  1087 | D:2      | Gained mutation: You have a pair of horns on your head.
                  | [demonic ancestry]
  1087 | D:2      | Reached XP level 3. HP: 26/30 MP: 3/3
  1263 | D:2      | Reached skill level 4 in Fighting
  1737 | D:3      | Reached skill level 1 in Armour
  1759 | D:3      | Gained mutation: You are partially covered in razor-sharp
                  | scales. (AC +1, Slay +1) [demonic ancestry]
  1759 | D:3      | Reached XP level 4. HP: 32/37 MP: 4/4
  1998 | D:3      | Noticed Robin
  2007 | D:3      | Killed Robin
  2028 | D:3      | Reached XP level 5. HP: 32/42 MP: 5/5
  2122 | D:3      | Found a snail-covered altar of Cheibriados.
  2239 | D:3      | Found Pymitt's Armour Shop.
  2358 | D:4      | Noticed a phantom
  2358 | D:4      | Found a stormy altar of Qazlal.
  2366 | D:4      | Killed a phantom
  2492 | D:4      | Found a staircase to the Ecumenical Temple.
  2492 | D:4      | Noticed an orc warrior
  2505 | D:4      | Slain by a gnoll

Illustrated notes

Levels and vault maps discovered:
D:1:      shiori_shiawase, layout_basic
D:2:      layout_basic
D:3:      layout_rooms, cheibrodos_worm_habitat, serial_shops, shop_statue,
          uniq_robin
D:4:      layout_cave_pools, overflow_temple_1_default,
          minmay_temple_entry_crystal_x, gammafunk_ghost_split

Skill      XL: |  1  2  3  4  5 |
---------------+----------------+-----
Unarmed Combat | 3 |  3.1
Fighting       | 4 |  4.0
Armour         | 2 3 |  3.1
Short Blades   | 2 |  2.4
Dodging        | |  2.6
Stealth        | |  1.7

Action                     |  1- 3 |  4- 6 || total
---------------------------+-------+-------++-------
  Melee: Unarmed           |    83 |    64 ||   147
         Headbutt          |    12 |    11 ||    23
         Dagger            |       |    21 ||    21
 Armour: Ring mail         |    22 |       ||    22
         Chain mail        |    16 |    51 ||    67
         Scale mail        |     5 |       ||     5
  Dodge: Dodged            |    43 |    18 ||    61

Table legend: (Time is in decaauts)
 A = Elapsed time spent in this place.
 B = Non-inter-level travel time spent in this place.
 C = Inter-level travel time spent in this place.
 D = Time resting spent in this place.
 E = Time spent auto-exploring this place.
 F = Levels seen in this place.
 G = Mean time per level.
                   A        B        C        D        E       F      G
               +--------+--------+--------+--------+--------+-----+--------+
         Total |   2506 |   2473 |     33 |      0 |   2035 |   4 |  626.5 |
       Dungeon |   2506 |   2473 |     33 |      0 |   2035 |   4 |  626.5 |
               +--------+--------+--------+--------+--------+-----+--------+

Top non-repeatable levels by time:
     D:2: 890 daAuts
     D:1: 745 daAuts
     D:3: 724 daAuts
     D:4: 145 daAuts
